 Dungeon Crawl Stone Soup version 0.28-a0-1117-g0bdd5ba030 (webtiles) character file.

Game seed: 10232524551792675683

1267 flotson the Skirmisher (level 8, -7/62 HPs)
             Began as a Demonspawn Delver on Dec 11, 2021.
             Was an Initiate of Gozag.
             Mangled by Duvessa (13 damage)
             ... on level 6 of the Dungeon.
             The game lasted 00:12:06 (4932 turns).

flotson the Skirmisher (Demonspawn Delver)          Turns: 4932, Time: 00:12:07

Health: -7/62      AC:  6    Str: 15    XL:     8   Next: 28%
Magic:  8/8        EV: 11    Int: 12    God:    Gozag
Gold:   472        SH:  0    Dex: 14    Spells: 7/7 levels left

rFire   . . .      SeeInvis +   a - +2 quarterstaff (spect)
rCold   . . .      Faith    .   (shield currently unavailable)
rNeg    . . .      Spirit   .   l - +0 scale mail
rPois   +          Reflect  .   (helmet restricted)
rElec   .          Harm     .   (no cloak)
rCorr   .          Rampage  .   (no gloves)
Will    .....                   (no boots)
Stlth   +.........              (no amulet)
HPRegen 0.20/turn               B - ring of poison resistance
MPRegen 0.11/turn               k - ring of see invisible

@: no status effects
A: horns 1, foul stench 1, powered by death 1, weakness stinger 1
a: Renounce Religion, Potion Petition, Call Merchant, Bribe Branch


You were on level 6 of the Dungeon.
You worshipped Gozag.
Gozag was aware of your devotion.
You visited 1 branch of the dungeon, and saw 6 of its levels.

You collected 514 gold pieces.
You paid 42 gold pieces to Gozag.

Inventory:

Hand Weapons
 a - a +2 spectral quarterstaff (weapon)
 h - a +0 war axe
Missiles
 b - 4 boomerangs (quivered)
 j - 23 sling bullets
 y - 8 poisoned darts
Armour
 l - a +0 scale mail (worn)
Jewellery
 k - a ring of see invisible (right hand)
 m - a ring of fire
 B - a ring of poison resistance (left hand)
Wands
 g - a wand of digging (11)
 w - a wand of flame (12)
 x - a wand of paralysis (11)
Scrolls
 c - a scroll of fog
 d - a scroll of acquirement {unknown}
 e - a scroll of fear
 n - a scroll of summoning {unknown}
 o - 3 scrolls of identify {unknown}
 r - a scroll of amnesia {unknown}
 s - a scroll of teleportation {unknown}
 v - a scroll of immolation {unknown}
 A - a scroll of brand weapon {unknown}
Potions
 f - 3 potions of mutation {unknown}
 i - a potion of invisibility {unknown}
 p - 3 potions of heal wounds {unknown}
 q - a potion of degeneration {unknown}
 u - 2 potions of lignification {unknown}
 z - a potion of berserk rage {unknown}
 C - a potion of curing {unknown}


   Skills:
 + Level 5.2 Fighting
 - Level 1.7 Axes
 + Level 3.3 Staves
 + Level 3.2 Throwing
 + Level 3.5 Armour
 + Level 4.2 Dodging
 - Level 4.5 Stealth
 + Level 3.5 Evocations


You had 7 spell levels left.
You didn't know any spells.
Your spell library contained the following spells:

 Spells                   Type           Power      Damage    Failure   Level
 Slow                     Hex            0%         N/A       77%         1
 Passwall                 Tmut/Erth      0%         N/A       88%         2
 Confusing Touch          Hex            0%         N/A       98%         3
 Swiftness                Air            0%         N/A       98%         3
 Vampiric Draining        Necr           0%         2d6       98%         3
 Cause Fear               Hex            0%         N/A       100%        4
 Dragon Form              Tmut           0%         N/A       100%        7
 Dragon's Call            Summ           0%         N/A       100%        9


Dungeon Overview and Level Annotations

Branches:
Dungeon (6/15)
 Temple: D:4-7

Altars:
Dithmenos
Gozag
Okawaru
Ru
Uskayaw

Annotations:
D:6 Duvessa, Menkaure


Innate Abilities, Weirdness & Mutations

You have a pair of small horns on your head.
You may rarely emit foul miasma when damaged in melee.
You regenerate a little health from kills.
You have a small tail.


Message History

Unknown command.
You can't see any enemies this would affect, really read the scroll of fear? [Y]es or [N]o only, please.
You can't see any enemies this would affect, really read the scroll of fear?
Okay, then.
Duvessa is engulfed in dark miasma.
Duvessa is poisoned.
Duvessa hits you with a +0 rapier!
* * * LOW HITPOINT WARNING * * *
There is an open door, spattered with blood here.
Okay, then.
Unknown command.
Throw: 2 boomerangs (disperse)
Press: ? - help, Q - select action, (/) - cycle Shift-Dir - straight line, f - Duvessa
Aim: Duvessa, wielding a +0 rapier and wearing a +1 leather armour of positive energy (lightly wounded, berserk, poisoned, 65% to hit)
You throw a boomerang of dispersal.
The boomerang of dispersal completely misses Duvessa.
The boomerang of dispersal hits Menkaure!
Menkaure blinks!
Duvessa closely misses you.
Throw: boomerang (disperse)
Press: ? - help, Q - select action, (/) - cycle Shift-Dir - straight line, f/p - Duvessa
Aim: Duvessa, wielding a +0 rapier and wearing a +1 leather armour of positive energy (moderately wounded, berserk, poisoned, 65% to hit)
You throw a boomerang of dispersal.
The boomerang of dispersal closely misses Duvessa.
Duvessa barely misses you. x2
Unknown command.
Duvessa is distracted by your dazzling golden aura.
Okay, then.
Duvessa is no longer distracted by gold.
Menkaure calls on the powers of darkness!
Duvessa convulses!
Your body is wracked with pain!
* * * LOW HITPOINT WARNING * * *
Menkaure forgets how to speak, silenced by the ages.
Menkaure calls on the powers of darkness!
Duvessa convulses!
Your body is wracked with pain!
* * * LOW HITPOINT WARNING * * *
Duvessa looks more healthy.
Duvessa hits you with a +0 rapier!
You die...
Your body crumbles into a pile of gold.

#..........#
#..........#
#....M.....#
#..........#
#..........#
#..........#
###.........#
#<#...e.....#
#.####@######
##'####.#
#.....#.###
#.....'...#
#.....#.#.#
#######.#.#
#.# # #.# #.#


You could see Duvessa (berserk) and Menkaure (fast).

Vanquished Creatures
  A steam dragon (D:4)
  A black bear (D:4)
  A sky beast (D:5)
  2 ogres (D:5)
  2 necrophages
  2 scorpions (D:5)
  Dowan (D:6)
  A centaur zombie (D:5)
  A hound (D:5)
  A bullfrog skeleton (D:6)
  A centaur skeleton (D:5)
  2 iguanas
  3 orc wizards
  5 adders
  6 gnolls
  A white imp (D:6)
  3 worms
  3 dart slugs
  9 orcs
  7 bats
  2 endoplasms
  2 giant cockroaches (D:3)
  5 goblins
  7 hobgoblins
  9 jackals
  2 quokkas
  10 ball pythons
  3 frilled lizards
  7 kobolds
  4 rats
104 creatures vanquished.

Notes
Turn   | Place    | Note
-------+----------+-------------------------------------------
     0 | D:5      | flotson the Demonspawn Delver began the quest for the Orb.
     0 | D:5      | Reached XP level 1. HP: 18/18 MP: 1/1
    18 | D:5      | Noticed a hound
    68 | D:5      | Noticed a scorpion
    81 | D:5      | Noticed an iguana
   126 | D:5      | Noticed an iguana
   272 | D:4      | Noticed a steam dragon
   535 | D:3      | Discovered your monstrous ancestry.
   535 | D:3      | Gained mutation: You have a small tail. [demonic ancestry]
   535 | D:3      | Reached XP level 2. HP: 9/24 MP: 2/2
   878 | D:1      | Found a faded altar of an unknown god.
   971 | D:1      | Reached skill level 1 in Armour
  1346 | D:2      | Reached XP level 3. HP: 29/29 MP: 3/3
  1777 | D:2      | Found a hide-covered altar of Uskayaw.
  2022 | D:3      | Noticed an ogre
  2376 | D:3      | Reached XP level 4. HP: 35/35 MP: 4/4
  2514 | D:4      | Found an opulent altar of Gozag.
  2521 | D:4      | Became a worshipper of Gozag Ym Sagoz the Greedy
  2530 | D:4      | Reached skill level 1 in Staves
  2530 | D:4      | Reached skill level 1 in Evocations
  3073 | D:4      | Killed a steam dragon
  3074 | D:4      | Reached skill level 4 in Fighting
  3074 | D:4      | Reached skill level 1 in Throwing
  3074 | D:4      | Reached XP level 5. HP: 16/42 MP: 5/5
  3341 | D:4      | Noticed a black bear
  3346 | D:4      | Killed a black bear
  3347 | D:4      | Gained mutation: You have a pair of small horns on your
                  | head. [demonic ancestry]
  3347 | D:4      | Reached XP level 6. HP: 48/48 MP: 6/6
  3475 | D:4      | Found a sacrificial altar of Ru.
  3969 | D:5      | Gained mutation: You regenerate a little health from kills.
                  | [demonic ancestry]
  3969 | D:5      | Reached XP level 7. HP: 53/55 MP: 7/7
  4407 | D:5      | Found an iron altar of Okawaru.
  4451 | D:5      | Found a shadowy altar of Dithmenos.
  4709 | D:5      | Reached skill level 5 in Fighting
  4711 | D:5      | Gained mutation: You may rarely emit foul miasma when
                  | damaged in melee. [demonic ancestry]
  4711 | D:5      | Reached XP level 8. HP: 62/62 MP: 8/8
  4913 | D:6      | Noticed Duvessa
  4913 | D:6      | Noticed Dowan
  4913 | D:6      | Noticed Menkaure
  4916 | D:6      | Killed Dowan
  4932 | D:6      | Mangled by Duvessa

Illustrated notes

Levels and vault maps discovered:
D:1:      mushboom_english_gardens, layout_loops_ring, basic_ecumenical_altar
D:2:      layout_basic, basic_altar
D:3:      layout_basic
D:4:      layout_cave_pools, nicolae_ru_great_annihilating_truth,
          overflow_temple_1_default
D:5:      layout_loops_ring, okawaru_altar_gauntlet_db, grunt_dithmenos_smoke
D:6:      layout_basic, nicolae_overflow_crystal_walls, uniq_eustachio,
          uniq_duvessa, uniq_sigmund, uniq_grinder, uniq_menkaure

Skill      XL: |  1  2  3  4  5  6  7 |
---------------+----------------------+-----
Dodging        | 2 3 4 |  4.2
Armour         | 1 2 3 |  3.5
Staves         | 1 2 3 |  3.3
Evocations     | 1 2 3 |  3.5
Fighting       | 4 5 |  5.2
Throwing       | 1 2 3 |  3.2
Axes           | |  1.7
Stealth        | |  4.5

Action                   |  1- 3 |  4- 6 |  7- 9 || total
-------------------------+-------+-------+-------++-------
Melee: Hand axe          |    10 |       |       ||    10
       War axe           |    14 |       |       ||    14
       Quarterstaff      |    50 |    58 |    57 ||   165
       Tailslap          |     1 |     4 |     5 ||    10
       Headbutt          |       |     2 |     9 ||    11
Throw: Boomerang         |       |       |     8 ||     8
  Use: Scroll            |     2 |       |       ||     2
       Potion            |     1 |       |       ||     1
 Stab: Sleeping          |    12 |     1 |       ||    13
       Distracted        |       |     1 |     1 ||     2
Armor: Leather armour    |     8 |       |       ||     8
       Scale mail        |    13 |    27 |    15 ||    55
Dodge: Dodged            |    55 |    35 |    25 ||   115

Table legend: (Time is in decaauts)
 A = Elapsed time spent in this place.
 B = Non-inter-level travel time spent in this place.
 C = Inter-level travel time spent in this place.
 D = Time resting spent in this place.
 E = Time spent auto-exploring this place.
 F = Levels seen in this place.
 G = Mean time per level.
                   A        B        C        D        E       F      G
               +--------+--------+--------+--------+--------+-----+--------+
         Total |   4967 |   4746 |    221 |    417 |   3433 |   6 |  827.8 |
       Dungeon |   4967 |   4746 |    221 |    417 |   3433 |   6 |  827.8 |
               +--------+--------+--------+--------+--------+-----+--------+

Top non-repeatable levels by time:
     D:4: 1335 daAuts
     D:2: 1139 daAuts
     D:5: 1028 daAuts
     D:3: 817 daAuts
     D:1: 566 daAuts
     D:6: 81 daAuts
